General information
- name: HUGE FFA!!!
- type: Custom game
- host: Iceberg-Slim
- saver: Mata.
map: EmeraldGardens
- players: 12
- length: 93:07
- speed: Fast
- version: 1.21 W3XP
- replay type:

» download(665 KB)
Players
team 1 (loser)
Iceberg-Slim (
purple | 112 APM | 10449 actions | 93:06)
5 Archmage
3 Summon Water Elemental
2 Brilliance Aura
4 Mountain King
2 Storm Bolt
2 Bash
4 Paladin
2 Holy Light
2 Divine Shield
» actions
| Assign group hotkey | 54 | |
| Basic commands | 638 | |
| Build / train | 307 | |
| ESC pressed | 15 | |
| Enter build submenu | 239 | |
| Enter hero's abilities submenu | 13 | |
| Give item / drop item | 4 | |
| Remove unit from queue | 2 | |
| Right click | 3712 | |
| Select / deselect | 1907 | |
| Select group hotkey | 3064 | |
| Use ability | 494 | |
10449 total
» units
| Peasant | 29 | |
| Footman | 5 | |
| Siege Engine | 17 | |
| Gryphon Rider | 5 | |
56 total
» upgrades
| Masonry | 3 | |
| Lumber Harvesting | 2 | |
| Barrage | 1 | |
| Magic Sentry | 1 | |
| Plating | 4 | |
| Gunpowder | 3 | |
| Animal War Training | 1 | |
| Backpack | 1 | |
| Swords | 3 | |
| Armor | 3 | |
| Storm Hammers | 1 | |
23 total
» buildings
| Altar of Kings | 1 | |
| Farm | 14 | |
| Barracks | 2 | |
| Lumber Mill | 2 | |
| Scout Tower | 189 | |
| Guard Tower | 141 | |
| Arcane Vault | 4 | |
| Town Hall | 9 | |
| Keep | 1 | |
| Blacksmith | 1 | |
| Castle | 1 | |
| Workshop | 3 | |
| Arcane Sanctum | 1 | |
| Gryphon Aviary | 4 | |
| Cannon Tower | 4 | |
| Arcane Tower | 10 | |
387 total
» build order
00:06 Altar of Kings
00:20 Farm
00:35 Barracks
00:58 Lumber Mill
01:16 Farm
01:49 Scout Tower
02:05 Scout Tower
02:19 Guard Tower
02:21 Scout Tower
02:34 Farm
02:37 Scout Tower
02:41 Guard Tower
03:05 Scout Tower
03:13 Guard Tower
03:20 Guard Tower
03:28 Farm
03:35 Guard Tower
03:49 Arcane Vault
05:06 Town Hall
05:10 Scout Tower
05:14 Farm
05:22 Scout Tower
05:42 Guard Tower
05:45 Scout Tower
06:11 Keep
06:25 Scout Tower
06:28 Guard Tower
07:03 Guard Tower
07:05 Scout Tower
07:15 Guard Tower
07:16 Scout Tower
07:37 Guard Tower
07:39 Scout Tower
07:46 Guard Tower
07:48 Scout Tower
07:53 Town Hall
07:54 Scout Tower
08:11 Scout Tower
08:12 Guard Tower
08:35 Scout Tower
08:36 Guard Tower
08:38 Guard Tower
08:39 Scout Tower
08:51 Guard Tower
09:18 Guard Tower
09:19 Scout Tower
09:51 Guard Tower
10:07 Scout Tower
10:31 Scout Tower
10:36 Guard Tower
10:42 Scout Tower
10:51 Blacksmith
11:06 Scout Tower
11:33 Guard Tower
11:36 Scout Tower
11:38 Scout Tower
11:41 Castle
11:43 Scout Tower
11:45 Guard Tower
11:48 Scout Tower
12:12 Scout Tower
12:13 Scout Tower
12:16 Guard Tower
12:19 Guard Tower
12:20 Scout Tower
12:22 Scout Tower
12:27 Scout Tower
12:28 Guard Tower
12:41 Scout Tower
12:42 Guard Tower
12:43 Guard Tower
12:48 Workshop
12:53 Workshop
12:55 Guard Tower
12:57 Guard Tower
13:16 Scout Tower
13:17 Scout Tower
13:18 Guard Tower
13:40 Scout Tower
13:47 Scout Tower
13:48 Guard Tower
14:17 Scout Tower
14:18 Guard Tower
14:31 Scout Tower
14:33 Guard Tower
14:37 Workshop
14:41 Arcane Sanctum
14:46 Scout Tower
14:53 Scout Tower
14:55 Guard Tower
15:10 Scout Tower
15:12 Guard Tower
15:30 Scout Tower
15:31 Guard Tower
15:42 Scout Tower
15:43 Guard Tower
15:47 Scout Tower
16:36 Scout Tower
16:38 Guard Tower
16:49 Guard Tower
17:00 Farm
17:03 Farm
17:04 Guard Tower
17:09 Guard Tower
17:38 Farm
17:42 Farm
17:50 Farm
18:19 Scout Tower
18:45 Arcane Vault
18:56 Guard Tower
19:00 Scout Tower
19:07 Gryphon Aviary
19:34 Scout Tower
19:40 Scout Tower
19:42 Cannon Tower
20:08 Scout Tower
20:09 Cannon Tower
20:11 Guard Tower
20:13 Scout Tower
20:26 Farm
20:28 Scout Tower
20:42 Gryphon Aviary
21:19 Farm
21:21 Scout Tower
21:23 Guard Tower
21:24 Cannon Tower
21:48 Scout Tower
22:08 Farm
22:22 Scout Tower
22:23 Guard Tower
23:28 Farm
23:30 Scout Tower
23:32 Guard Tower
23:33 Guard Tower
23:35 Guard Tower
23:47 Scout Tower
24:08 Guard Tower
24:10 Guard Tower
24:11 Guard Tower
24:15 Barracks
24:17 Scout Tower
24:25 Scout Tower
24:26 Guard Tower
24:30 Scout Tower
25:15 Town Hall
25:32 Scout Tower
25:33 Guard Tower
25:53 Scout Tower
25:54 Guard Tower
26:09 Scout Tower
26:10 Guard Tower
26:23 Lumber Mill
26:33 Guard Tower
26:35 Scout Tower
26:43 Scout Tower
26:46 Guard Tower
27:06 Scout Tower
27:07 Guard Tower
27:37 Guard Tower
27:38 Scout Tower
28:08 Scout Tower
28:31 Guard Tower
28:33 Scout Tower
28:54 Gryphon Aviary
28:55 Scout Tower
29:06 Scout Tower
29:07 Guard Tower
29:08 Scout Tower
29:10 Guard Tower
29:26 Scout Tower
29:28 Guard Tower
29:41 Scout Tower
29:42 Guard Tower
29:56 Scout Tower
29:57 Guard Tower
30:07 Scout Tower
30:09 Guard Tower
30:11 Scout Tower
30:12 Guard Tower
30:15 Scout Tower
30:26 Scout Tower
30:27 Guard Tower
30:36 Scout Tower
30:37 Guard Tower
30:39 Scout Tower
30:40 Guard Tower
30:45 Scout Tower
30:46 Guard Tower
30:52 Guard Tower
30:57 Scout Tower
31:06 Scout Tower
31:08 Guard Tower
31:14 Scout Tower
31:15 Cannon Tower
31:21 Scout Tower
31:22 Guard Tower
31:28 Guard Tower
31:32 Scout Tower
31:37 Scout Tower
31:38 Guard Tower
31:45 Scout Tower
31:46 Guard Tower
31:58 Scout Tower
31:59 Guard Tower
32:08 Scout Tower
32:09 Guard Tower
32:12 Gryphon Aviary
32:24 Scout Tower
32:29 Scout Tower
32:55 Scout Tower
32:57 Guard Tower
33:01 Scout Tower
33:02 Guard Tower
33:24 Scout Tower
33:26 Guard Tower
33:46 Scout Tower
33:47 Guard Tower
34:08 Scout Tower
34:10 Guard Tower
34:49 Guard Tower
34:53 Arcane Vault
34:56 Scout Tower
34:58 Scout Tower
35:25 Guard Tower
35:30 Scout Tower
36:21 Guard Tower
37:07 Town Hall
37:18 Scout Tower
37:21 Scout Tower
37:26 Scout Tower
37:54 Scout Tower
37:59 Scout Tower
38:04 Town Hall
38:25 Scout Tower
38:26 Scout Tower
38:27 Guard Tower
38:30 Scout Tower
38:31 Scout Tower
38:50 Guard Tower
38:51 Scout Tower
38:53 Guard Tower
38:55 Scout Tower
38:58 Guard Tower
38:59 Scout Tower
39:00 Guard Tower
39:02 Scout Tower
39:09 Town Hall
39:13 Scout Tower
39:14 Scout Tower
39:15 Guard Tower
39:24 Guard Tower
39:25 Guard Tower
39:26 Scout Tower
39:27 Scout Tower
39:29 Guard Tower
39:30 Scout Tower
39:33 Scout Tower
39:34 Guard Tower
39:47 Scout Tower
39:49 Guard Tower
39:49 Scout Tower
39:56 Scout Tower
39:59 Guard Tower
40:01 Scout Tower
40:02 Guard Tower
40:03 Scout Tower
40:05 Guard Tower
40:06 Scout Tower
40:16 Scout Tower
40:18 Guard Tower
40:23 Guard Tower
40:33 Scout Tower
41:00 Guard Tower
41:57 Scout Tower
42:19 Scout Tower
42:20 Scout Tower
42:22 Scout Tower
42:26 Scout Tower
42:27 Guard Tower
42:49 Scout Tower
42:51 Guard Tower
43:17 Scout Tower
43:19 Guard Tower
43:39 Guard Tower
43:46 Scout Tower
43:48 Guard Tower
44:18 Scout Tower
44:19 Guard Tower
44:50 Guard Tower
44:56 Town Hall
45:15 Town Hall
45:47 Scout Tower
46:31 Guard Tower
46:32 Scout Tower
46:53 Arcane Vault
46:59 Guard Tower
47:00 Scout Tower
47:27 Scout Tower
47:28 Guard Tower
47:56 Scout Tower
47:58 Guard Tower
48:04 Scout Tower
48:25 Scout Tower
48:26 Guard Tower
48:33 Scout Tower
48:34 Guard Tower
49:05 Scout Tower
49:06 Guard Tower
49:11 Scout Tower
49:12 Guard Tower
49:43 Scout Tower
49:44 Guard Tower
49:45 Scout Tower
49:46 Guard Tower
49:59 Guard Tower
50:12 Guard Tower
50:18 Scout Tower
50:22 Guard Tower
50:45 Scout Tower
50:46 Guard Tower
51:31 Scout Tower
51:32 Guard Tower
51:42 Scout Tower
51:43 Scout Tower
52:29 Scout Tower
52:30 Guard Tower
52:32 Scout Tower
52:33 Scout Tower
52:35 Scout Tower
52:37 Scout Tower
52:57 Guard Tower
52:58 Scout Tower
52:59 Guard Tower
53:20 Scout Tower
53:57 Guard Tower
54:20 Scout Tower
54:21 Scout Tower
54:33 Town Hall
54:35 Scout Tower
54:36 Scout Tower
54:48 Scout Tower
54:50 Guard Tower
54:55 Scout Tower
54:56 Guard Tower
54:58 Scout Tower
54:59 Guard Tower
55:17 Guard Tower
55:18 Scout Tower
55:21 Scout Tower
56:03 Guard Tower
56:05 Scout Tower
56:06 Scout Tower
56:34 Guard Tower
56:34 Scout Tower
56:36 Scout Tower
57:05 Scout Tower
57:06 Guard Tower
57:07 Scout Tower
57:09 Guard Tower
58:07 Guard Tower
58:20 Scout Tower
58:21 Guard Tower
58:23 Scout Tower
58:24 Guard Tower
59:16 Guard Tower
59:42 Guard Tower
69:36 Guard Tower
72:32 Arcane Tower
72:34 Scout Tower
72:36 Scout Tower
72:38 Scout Tower
73:07 Arcane Tower
73:08 Arcane Tower
73:09 Arcane Tower
73:10 Scout Tower
73:11 Scout Tower
73:12 Scout Tower
73:39 Arcane Tower
73:40 Arcane Tower
73:42 Arcane Tower
73:46 Scout Tower
73:47 Scout Tower
73:51 Scout Tower
74:48 Arcane Tower
75:30 Scout Tower
75:59 Arcane Tower
80:07 Scout Tower
80:38 Arcane Tower
» items
| Scroll of Regeneration | 5 | |
| Mechanical Critter | 1 | |
| Staff of Sanctuary | 3 | |
| Orb of Fire | 3 | |
| Ivory Tower | 8 | |
| Scroll of Town Portal | 23 | |
| Potion of Healing | 2 | |
| Boots of Speed | 3 | |
| Potion of Lesser Invulnerability | 2 | |
| Staff of Teleportation | 1 | |
| Dust of Appearance | 1 | |
| Periapt of Vitality | 1 | |
53 total
team 2 (loser)
Dexanth (
blue | 0 APM | 0 actions | 00:01)
team 3 (winner)

»
Mata. (
red | 132 APM | 12325 actions | 93:07)
10 Keeper of the Grove
3 Entangling Roots
3 Thorns Aura
1 Tranquility
3 Force of Nature
7 Priestess of the Moon
3 Searing Arrows
3 Trueshot Aura
1 Starfall
6 Warden
2 Blink
3 Shadow Strike
1 Spirit of Vengeance
» actions
| Assign group hotkey | 1141 | |
| Basic commands | 64 | |
| Build / train | 256 | |
| ESC pressed | 13 | |
| Enter build submenu | 77 | |
| Enter hero's abilities submenu | 25 | |
| Give item / drop item | 2 | |
| Right click | 5366 | |
| Select / deselect | 2069 | |
| Select group hotkey | 2908 | |
| Use ability | 404 | |
12325 total
» units
| Wisp | 101 | |
| Archer | 6 | |
| Huntress | 5 | |
| Dryad | 7 | |
| Druid of the Claw | 2 | |
| Chimaera | 17 | |
| Hippogryph | 33 | |
| Green Dragon | 4 | |
| Druid of the Talon | 2 | |
| Green Drake | 1 | |
| Green Dragon Whelp | 2 | |
180 total
» upgrades
| Nature's Blessing | 1 | |
| Abolish Magic | 1 | |
| Druid of the Claw Training | 2 | |
| Strength of the Wild | 3 | |
| Reinforced Hides | 3 | |
| Corrosive Breath | 1 | |
| Druid of the Talon Training | 2 | |
| Mark of the Talon | 1 | |
14 total
» buildings
| Altar of Elders | 2 | |
| Moon Well | 24 | |
| Ancient of War | 2 | |
| Tree of Life | 12 | |
| Hunter's Hall | 2 | |
| Ancient Protector | 10 | |
| Tree of Ages | 2 | |
| Ancient of Lore | 4 | |
| Tree of Eternity | 3 | |
| Ancient of Wind | 3 | |
| Chimaera Roost | 5 | |
| Ancient of Wonders | 1 | |
70 total
» build order
00:06 Altar of Elders
00:18 Moon Well
01:41 Ancient of War
01:58 Moon Well
03:07 Tree of Life
03:17 Hunter's Hall
04:25 Ancient Protector
04:29 Ancient Protector
05:09 Tree of Ages
06:24 Moon Well
06:26 Moon Well
06:49 Ancient Protector
07:03 Ancient of War
08:00 Ancient Protector
08:01 Ancient Protector
08:26 Moon Well
09:23 Ancient of Lore
09:24 Ancient of Lore
10:01 Ancient Protector
11:44 Ancient Protector
11:45 Ancient Protector
11:47 Tree of Eternity
12:34 Tree of Life
15:26 Ancient of Lore
15:28 Ancient of Lore
15:30 Ancient of Wind
16:04 Ancient Protector
16:07 Ancient Protector
16:47 Chimaera Roost
16:51 Chimaera Roost
17:42 Moon Well
17:43 Moon Well
18:14 Moon Well
18:25 Moon Well
19:52 Moon Well
20:55 Moon Well
31:46 Moon Well
33:57 Tree of Life
38:31 Altar of Elders
39:25 Tree of Life
43:57 Tree of Life
44:39 Tree of Life
44:49 Tree of Ages
45:20 Tree of Life
46:22 Hunter's Hall
46:30 Ancient of Wonders
47:42 Tree of Eternity
47:48 Ancient of Wind
50:17 Ancient of Wind
50:26 Chimaera Roost
50:29 Chimaera Roost
50:32 Moon Well
50:38 Moon Well
50:44 Moon Well
50:49 Moon Well
51:17 Tree of Life
51:31 Tree of Life
51:35 Tree of Life
53:11 Moon Well
58:53 Tree of Life
67:38 Moon Well
69:30 Moon Well
69:59 Moon Well
77:25 Tree of Life
77:53 Moon Well
82:23 Chimaera Roost
84:21 Moon Well
85:43 Moon Well
» items
| Scroll of Healing | 1 | |
| Scroll of Town Portal | 5 | |
| Potion of Lesser Invulnerability | 2 | |
| Staff of Preservation | 2 | |
| Orb of Venom | 2 | |
| Anti-magic Potion | 2 | |
14 total
team 4 (loser)

»
Yuppidoo. (
dark-green | 115 APM | 3360 actions | 29:18)
3 Archmage
2 Summon Water Elemental
1 Brilliance Aura
2 Mountain King
1 Storm Bolt
1 Bash
1 Paladin
1 Holy Light
» actions
| Assign group hotkey | 67 | |
| Basic commands | 94 | |
| Build / train | 102 | |
| Enter build submenu | 37 | |
| Enter hero's abilities submenu | 6 | |
| Give item / drop item | 1 | |
| Remove unit from queue | 2 | |
| Right click | 1373 | |
| Select / deselect | 464 | |
| Select group hotkey | 1107 | |
| Use ability | 106 | |
3360 total
» units
| Peasant | 28 | |
| Footman | 9 | |
| Siege Engine | 6 | |
| Gryphon Rider | 7 | |
50 total
» upgrades
| Defend | 1 | |
| Lumber Harvesting | 2 | |
| Barrage | 1 | |
| Gunpowder | 3 | |
| Storm Hammers | 1 | |
8 total
» buildings
| Altar of Kings | 1 | |
| Barracks | 1 | |
| Farm | 14 | |
| Scout Tower | 18 | |
| Arcane Tower | 2 | |
| Town Hall | 2 | |
| Lumber Mill | 1 | |
| Guard Tower | 14 | |
| Keep | 1 | |
| Arcane Vault | 1 | |
| Blacksmith | 1 | |
| Castle | 1 | |
| Workshop | 3 | |
| Gryphon Aviary | 2 | |
62 total
» build order
00:07 Altar of Kings
00:21 Barracks
00:35 Farm
00:51 Farm
01:34 Scout Tower
01:54 Farm
02:06 Arcane Tower
03:23 Town Hall
03:28 Scout Tower
03:30 Scout Tower
03:41 Lumber Mill
03:56 Arcane Tower
04:12 Farm
05:03 Guard Tower
05:27 Scout Tower
05:29 Scout Tower
05:31 Scout Tower
06:19 Scout Tower
06:24 Guard Tower
06:54 Guard Tower
06:59 Guard Tower
07:21 Scout Tower
07:27 Keep
07:48 Scout Tower
08:04 Arcane Vault
08:07 Blacksmith
08:17 Guard Tower
08:18 Guard Tower
08:19 Scout Tower
08:49 Guard Tower
10:02 Castle
10:17 Workshop
10:22 Workshop
10:35 Farm
10:48 Scout Tower
10:49 Scout Tower
10:51 Scout Tower
11:09 Farm
11:21 Guard Tower
11:50 Workshop
12:07 Guard Tower
12:08 Guard Tower
12:51 Guard Tower
12:59 Farm
13:37 Farm
14:21 Farm
15:22 Farm
15:23 Farm
16:09 Gryphon Aviary
16:10 Gryphon Aviary
16:46 Farm
16:46 Farm
17:22 Farm
25:19 Town Hall
25:24 Scout Tower
25:25 Scout Tower
26:03 Guard Tower
26:04 Guard Tower
26:31 Guard Tower
28:02 Scout Tower
28:05 Scout Tower
28:07 Scout Tower
» items
| Potion of Healing | 7 | |
| Scroll of Town Portal | 4 | |
| Scroll of Regeneration | 1 | |
| Staff of Sanctuary | 1 | |
| Orb of Fire | 1 | |
14 total
team 5 (loser)
xxDreadLordxx (
green | 31 APM | 907 actions | 29:27)
3 Death Knight
2 Death Coil
1 Unholy Aura
3 Lich
2 Frost Nova
1 Frost Armor
» actions
| Basic commands | 4 | |
| Build / train | 56 | |
| Enter build submenu | 22 | |
| Enter hero's abilities submenu | 6 | |
| Remove unit from queue | 1 | |
| Right click | 416 | |
| Select / deselect | 374 | |
| Use ability | 28 | |
907 total
» units
| Acolyte | 3 | |
| Ghoul | 7 | |
| Frost Wyrm | 10 | |
| Abomination | 6 | |
26 total
» upgrades
| Creature Attack | 2 | |
| Unholy Strength | 2 | |
| Creature Carapace | 2 | |
| Unholy Armor | 2 | |
| Freezing Breath | 1 | |
| Disease Cloud | 1 | |
10 total
» buildings
| Crypt | 1 | |
| Graveyard | 2 | |
| Halls of the Dead | 1 | |
| Ziggurat | 10 | |
| Altar of Darkness | 1 | |
| Black Citadel | 1 | |
| Sacrificial Pit | 1 | |
| Boneyard | 2 | |
| Slaughterhouse | 1 | |
| Tomb of Relics | 1 | |
| Spirit Tower | 8 | |
29 total
» build order
00:09 Crypt
00:41 Graveyard
00:47 Graveyard
01:35 Halls of the Dead
02:08 Ziggurat
03:53 Ziggurat
03:56 Ziggurat
04:10 Altar of Darkness
05:35 Black Citadel
05:58 Sacrificial Pit
08:02 Boneyard
08:11 Boneyard
09:55 Ziggurat
10:04 Ziggurat
10:21 Slaughterhouse
11:07 Ziggurat
12:18 Ziggurat
15:46 Ziggurat
15:50 Ziggurat
15:56 Ziggurat
16:05 Tomb of Relics
28:15 Spirit Tower
28:18 Spirit Tower
28:21 Spirit Tower
28:46 Spirit Tower
28:48 Spirit Tower
28:54 Spirit Tower
28:54 Spirit Tower
28:55 Spirit Tower
29:07 Spirit Tower
team 6 (loser)
VVarcraft_ (
yellow | 39 APM | 1453 actions | 36:55)
3 Paladin
2 Holy Light
1 Divine Shield
3 Mountain King
2 Storm Bolt
1 Thunder Clap
2 Beastmaster
1 Summon Bear
1 Summon Quilbeast
» actions
| Assign group hotkey | 5 | |
| Basic commands | 2 | |
| Build / train | 72 | |
| Enter build submenu | 41 | |
| Enter hero's abilities submenu | 11 | |
| Give item / drop item | 2 | |
| Remove unit from queue | 1 | |
| Right click | 768 | |
| Select / deselect | 371 | |
| Select group hotkey | 70 | |
| Use ability | 110 | |
1453 total
» units
| Peasant | 10 | |
| Footman | 13 | |
| Priest | 3 | |
| Knight | 6 | |
| Green Dragon | 1 | |
| Green Drake | 1 | |
34 total
» upgrades
| Defend | 1 | |
| Swords | 3 | |
| Plating | 3 | |
| Lumber Harvesting | 2 | |
| Masonry | 3 | |
| Priest Training | 2 | |
| Animal War Training | 1 | |
| Magic Sentry | 1 | |
16 total
» buildings
| Barracks | 2 | |
| Farm | 15 | |
| Altar of Kings | 1 | |
| Blacksmith | 1 | |
| Keep | 1 | |
| Scout Tower | 9 | |
| Arcane Tower | 1 | |
| Lumber Mill | 1 | |
| Arcane Sanctum | 1 | |
| Castle | 1 | |
| Guard Tower | 7 | |
| Town Hall | 1 | |
41 total
» build order
00:09 Barracks
00:14 Farm
00:32 Altar of Kings
01:14 Farm
01:51 Barracks
02:11 Farm
03:02 Blacksmith
04:22 Farm
04:23 Keep
05:13 Scout Tower
06:45 Arcane Tower
06:53 Farm
06:57 Lumber Mill
08:10 Arcane Sanctum
09:12 Castle
09:26 Scout Tower
09:58 Guard Tower
10:01 Farm
10:50 Farm
11:38 Farm
12:21 Scout Tower
12:58 Farm
13:09 Guard Tower
13:49 Farm
16:01 Farm
16:45 Scout Tower
19:15 Guard Tower
20:18 Town Hall
24:22 Scout Tower
24:53 Guard Tower
25:09 Scout Tower
25:43 Guard Tower
27:58 Farm
28:06 Farm
28:18 Scout Tower
28:48 Farm
28:52 Guard Tower
28:56 Scout Tower
33:26 Farm
33:29 Guard Tower
33:33 Scout Tower
team 7 (loser)
EISENWICHSER (
teal | 34 APM | 37 actions | 01:04)
» actions
| Build / train | 2 | |
| Enter build submenu | 3 | |
| Right click | 20 | |
| Select / deselect | 9 | |
| Use ability | 3 | |
37 total
» units
» buildings
| Ziggurat | 1 | |
| Altar of Darkness | 1 | |
| Crypt | 1 | |
3 total
» build order
00:05 Ziggurat
00:10 Altar of Darkness
00:39 Crypt
team 8 (loser)

»
750lucklord (
pink | 53 APM | 1885 actions | 35:18)
7 Dreadlord
3 Carrion Swarm
3 Sleep
1 Inferno
4 Death Knight
2 Death Coil
1 Unholy Aura
1 Death Pact
6 Lich
3 Frost Nova
2 Dark Ritual
1 Death and Decay
» actions
| Assign group hotkey | 97 | |
| Basic commands | 40 | |
| Build / train | 86 | |
| Enter build submenu | 24 | |
| Enter hero's abilities submenu | 17 | |
| Right click | 738 | |
| Select / deselect | 612 | |
| Select group hotkey | 152 | |
| Use ability | 118 | |
1885 total
» units
| Acolyte | 13 | |
| Ghoul | 4 | |
| Crypt Fiend | 7 | |
| Necromancer | 14 | |
| Meatwagon | 4 | |
| Abomination | 4 | |
46 total
» upgrades
| Web | 1 | |
| Necromancer Training | 2 | |
| Skeletal Longevity | 1 | |
| Skeletal Mastery | 1 | |
| Exhume Corpses | 1 | |
| Disease Cloud | 1 | |
| Unholy Strength | 2 | |
| Unholy Armor | 2 | |
| Creature Carapace | 1 | |
| Creature Attack | 1 | |
13 total
» buildings
| Altar of Darkness | 2 | |
| Ziggurat | 8 | |
| Crypt | 1 | |
| Tomb of Relics | 1 | |
| Graveyard | 1 | |
| Halls of the Dead | 1 | |
| Black Citadel | 1 | |
| Temple of the Damned | 2 | |
| Slaughterhouse | 2 | |
| Spirit Tower | 1 | |
20 total
» build order
00:10 Altar of Darkness
00:12 Ziggurat
00:35 Crypt
01:03 Ziggurat
01:20 Tomb of Relics
01:37 Graveyard
03:08 Halls of the Dead
05:31 Black Citadel
05:44 Ziggurat
05:54 Ziggurat
05:56 Ziggurat
08:31 Temple of the Damned
08:42 Temple of the Damned
09:36 Slaughterhouse
09:40 Slaughterhouse
18:10 Altar of Darkness
20:03 Ziggurat
20:35 Ziggurat
20:37 Ziggurat
33:50 Spirit Tower
» items
| Rod of Necromancy | 1 | |
| Potion of Healing | 2 | |
3 total
team 9 (loser)

»
Kunt.RoII (
orange | 113 APM | 10351 actions | 91:40)
9 Death Knight
3 Death Coil
3 Unholy Aura
1 Animate Dead
2 Death Pact
9 Lich
3 Frost Nova
3 Frost Armor
1 Death and Decay
2 Dark Ritual
8 Dreadlord
3 Sleep
3 Vampiric Aura
1 Inferno
1 Carrion Swarm
» actions
| Assign group hotkey | 73 | |
| Basic commands | 76 | |
| Build / train | 218 | |
| ESC pressed | 15 | |
| Enter build submenu | 64 | |
| Enter hero's abilities submenu | 26 | |
| Give item / drop item | 7 | |
| Right click | 4155 | |
| Select / deselect | 1148 | |
| Select group hotkey | 4242 | |
| Use ability | 326 | |
10351 total
» units
| Acolyte | 25 | |
| Ghoul | 23 | |
| Gargoyle | 25 | |
| Obsidian Statue | 6 | |
| Makrura Snapper | 1 | |
| Makrura Deepseer | 1 | |
| Goblin Zeppelin | 1 | |
| Frost Wyrm | 6 | |
| Green Dragon | 6 | |
| Crypt Fiend | 1 | |
95 total
» upgrades
| Creature Attack | 3 | |
| Creature Carapace | 3 | |
| Exhume Corpses | 1 | |
| Burrow | 1 | |
| Web | 1 | |
| Unholy Strength | 3 | |
| Freezing Breath | 1 | |
| Unholy Armor | 3 | |
| Ghoul Frenzy | 1 | |
| Stone Form | 1 | |
| Destroyer Form | 2 | |
20 total
» buildings
| Crypt | 5 | |
| Altar of Darkness | 3 | |
| Ziggurat | 20 | |
| Tomb of Relics | 2 | |
| Halls of the Dead | 4 | |
| Graveyard | 2 | |
| Slaughterhouse | 2 | |
| Spirit Tower | 10 | |
| Nerubian Tower | 1 | |
| Black Citadel | 7 | |
| Sacrificial Pit | 2 | |
| Necropolis | 1 | |
| Boneyard | 1 | |
60 total
» build order
00:08 Crypt
00:13 Altar of Darkness
00:29 Ziggurat
00:49 Tomb of Relics
01:20 Ziggurat
02:44 Halls of the Dead
02:44 Halls of the Dead
04:05 Graveyard
04:32 Crypt
06:46 Slaughterhouse
06:57 Ziggurat
07:03 Ziggurat
08:08 Ziggurat
08:17 Ziggurat
08:45 Ziggurat
09:15 Spirit Tower
10:50 Ziggurat
10:55 Ziggurat
12:05 Spirit Tower
12:07 Nerubian Tower
12:09 Spirit Tower
12:09 Spirit Tower
12:32 Spirit Tower
13:33 Black Citadel
13:34 Black Citadel
14:10 Sacrificial Pit
14:16 Necropolis
18:24 Boneyard
19:33 Halls of the Dead
19:35 Crypt
20:36 Crypt
22:05 Altar of Darkness
22:49 Graveyard
23:37 Crypt
24:06 Ziggurat
25:06 Ziggurat
25:12 Ziggurat
25:14 Ziggurat
25:16 Ziggurat
27:51 Altar of Darkness
28:17 Spirit Tower
29:53 Black Citadel
29:53 Black Citadel
29:54 Black Citadel
30:46 Sacrificial Pit
32:36 Slaughterhouse
36:19 Tomb of Relics
55:20 Ziggurat
55:21 Ziggurat
55:21 Ziggurat
55:22 Ziggurat
55:24 Ziggurat
80:54 Ziggurat
» items
| Rod of Necromancy | 7 | |
| Orb of Corruption | 3 | |
| Scroll of Healing | 10 | |
| Scroll of Town Portal | 12 | |
| Scroll of Protection | 2 | |
| Circlet of Nobility | 1 | |
| Potion of Lesser Invulnerability | 2 | |
| Periapt of Vitality | 2 | |
39 total
team 10 (loser)

»
medstudent (
gray | 5 APM | 424 actions | 93:07)
1 Goblin Alchemist
1 Healing Spray
1 Pit Lord
1 Rain of Fire
» actions
| Assign group hotkey | 2 | |
| Basic commands | 4 | |
| Build / train | 7 | |
| Enter build submenu | 5 | |
| Enter hero's abilities submenu | 2 | |
| Give item / drop item | 1 | |
| Right click | 207 | |
| Select / deselect | 72 | |
| Select group hotkey | 105 | |
| Use ability | 19 | |
424 total
» units
» buildings
| Altar of Storms | 1 | |
| Stronghold | 1 | |
| Orc Burrow | 3 | |
5 total
» build order
02:30 Altar of Storms
05:12 Stronghold
06:50 Orc Burrow
11:54 Orc Burrow
12:48 Orc Burrow
team 11 (loser)

»
bee.zeh[SpR] (
light-blue | 54 APM | 1452 actions | 26:51)
3 Mountain King
2 Storm Bolt
1 Thunder Clap
3 Paladin
2 Holy Light
1 Divine Shield
» actions
| Basic commands | 116 | |
| Build / train | 61 | |
| Enter build submenu | 20 | |
| Enter hero's abilities submenu | 6 | |
| Right click | 866 | |
| Select / deselect | 297 | |
| Use ability | 86 | |
1452 total
» units
| Peasant | 8 | |
| Footman | 8 | |
| Spell Breaker | 3 | |
| Priest | 7 | |
| Mortar Team | 5 | |
| Siege Engine | 2 | |
| Knight | 3 | |
36 total
» upgrades
| Priest Training | 2 | |
| Fragmentation Shards | 1 | |
| Animal War Training | 1 | |
4 total
» buildings
| Altar of Kings | 1 | |
| Farm | 10 | |
| Barracks | 2 | |
| Arcane Vault | 1 | |
| Keep | 1 | |
| Blacksmith | 1 | |
| Arcane Sanctum | 1 | |
| Workshop | 1 | |
| Castle | 1 | |
| Lumber Mill | 1 | |
| Town Hall | 2 | |
22 total
» build order
00:13 Altar of Kings
00:23 Farm
00:39 Barracks
00:55 Farm
02:03 Farm
02:33 Arcane Vault
04:28 Keep
05:05 Farm
06:24 Farm
07:13 Blacksmith
07:19 Arcane Sanctum
09:11 Farm
10:14 Workshop
15:19 Farm
15:20 Castle
17:56 Lumber Mill
19:09 Farm
20:11 Farm
24:12 Town Hall
24:40 Barracks
24:44 Farm
24:59 Town Hall
» items
| Lesser Clarity Potion | 2 | |
| Scroll of Regeneration | 3 | |
| Ivory Tower | 4 | |
9 total
team 12 (loser)
uS.hellbound (
brown | 29 APM | 2166 actions | 75:25)
6 Death Knight
2 Death Coil
3 Unholy Aura
1 Animate Dead
5 Lich
3 Frost Nova
2 Dark Ritual
7 Crypt Lord
3 Impale
3 Spiked Carapace
1 Locust Swarm
» actions
| Assign group hotkey | 28 | |
| Basic commands | 25 | |
| Build / train | 117 | |
| ESC pressed | 3 | |
| Enter build submenu | 25 | |
| Enter hero's abilities submenu | 17 | |
| Remove unit from queue | 2 | |
| Right click | 962 | |
| Select / deselect | 574 | |
| Select group hotkey | 263 | |
| Use ability | 150 | |
2166 total
» units
| Acolyte | 9 | |
| Ghoul | 5 | |
| Crypt Fiend | 11 | |
| Giant Sea Turtle | 1 | |
| Obsidian Statue | 8 | |
| Goblin Shredder | 1 | |
| Green Dragon | 2 | |
| Green Drake | 1 | |
| Green Dragon Whelp | 1 | |
| Abomination | 6 | |
| Necromancer | 9 | |
| Gargoyle | 3 | |
| Meatwagon | 1 | |
| Banshee | 2 | |
60 total
» upgrades
| Unholy Strength | 4 | |
| Creature Attack | 3 | |
| Creature Carapace | 2 | |
| Burrow | 1 | |
| Web | 1 | |
| Unholy Armor | 3 | |
| Necromancer Training | 2 | |
| Destroyer Form | 1 | |
| Skeletal Mastery | 1 | |
| Skeletal Longevity | 1 | |
| Banshee Training | 2 | |
| Disease Cloud | 1 | |
22 total
» buildings
| Crypt | 1 | |
| Graveyard | 1 | |
| Ziggurat | 13 | |
| Altar of Darkness | 1 | |
| Tomb of Relics | 1 | |
| Spirit Tower | 1 | |
| Halls of the Dead | 1 | |
| Black Citadel | 1 | |
| Sacrificial Pit | 1 | |
| Slaughterhouse | 2 | |
| Nerubian Tower | 3 | |
| Necropolis | 2 | |
| Temple of the Damned | 1 | |
29 total
» build order
00:12 Crypt
00:18 Graveyard
00:40 Ziggurat
00:58 Altar of Darkness
01:28 Ziggurat
01:59 Tomb of Relics
02:49 Ziggurat
04:34 Ziggurat
04:34 Ziggurat
04:36 Ziggurat
05:40 Spirit Tower
07:22 Halls of the Dead
08:29 Ziggurat
10:11 Black Citadel
10:24 Sacrificial Pit
10:28 Slaughterhouse
12:24 Nerubian Tower
12:29 Necropolis
17:27 Slaughterhouse
17:33 Temple of the Damned
32:13 Ziggurat
32:15 Ziggurat
32:17 Ziggurat
32:18 Ziggurat
35:42 Ziggurat
50:19 Ziggurat
60:43 Nerubian Tower
61:00 Necropolis
64:46 Nerubian Tower
» items
| Rod of Necromancy | 1 | |
| Sacrificial Skull | 1 | |
| Orb of Corruption | 2 | |
| Scroll of Town Portal | 1 | |
| Potion of Healing | 1 | |
6 total
Chat log
(00:15 / All) Kunt.RoII: ???
(00:22 / All) Yuppidoo.: router
(00:24 / All) uS.hellbound: one down
(00:33 / All) Kunt.RoII: i hope i spawned by him!
(00:38 / All) Yuppidoo.: dced prolly
(00:42 / All) 750lucklord: lol
(00:55 / All) Kunt.RoII: i havent played on this map in a LONG TIME
(00:59 / All) 750lucklord: # LEVEL TENS IS UNBEATABLE
(01:19 / All) uS.hellbound: second guy down
(01:25 / All) Kunt.RoII: n00b
(01:33 / All) Mata.: this is goin be an easy game
(01:39 / All) Kunt.RoII: ..2ez
(02:12 / All) Kunt.RoII: guys what hero should i pick
(02:18 / All) xxDreadLordxx: what race r u ?
(02:22 / All) Kunt.RoII: gotta be tavern
(02:28 / All) Mata.: skeleton king
(02:38 / All) Kunt.RoII: b0n3 Cl1inkz
(04:04 / All) 750lucklord: lol
(04:53 / All) bee.zeh[SpR]: teh noobzor
(06:07 / All) 750lucklord: teh seleper awoke
(06:20 / All) Kunt.RoII: the ancheitn evil survives
(06:25 / All) 750lucklord: lol
(06:26 / All) Kunt.RoII: GUESS MY RACE
(06:31 / All) 750lucklord: gues mine
(06:39 / All) xxDreadLordxx: UD
(06:41 / All) Kunt.RoII: RONG
(06:45 / All) 750lucklord: OMG MAPHACKER
(07:41 / All) Kunt.RoII: HAX
(08:08 / All) 750lucklord: fucking elves
(09:02 / All) Kunt.RoII: gay
(09:04 / All) 750lucklord: ELF BITCH
(09:59 / All) 750lucklord: MATA GOT PWNED
(10:06 / All) Mata.: iceberg
(10:07 / All) Mata.: is shitty host
(10:45 / All) medstudent: no exp for you
(11:02 / All) Iceberg-Slim: if that makes you feel better
(12:22 / All) 750lucklord: OMFG
(13:24 / All) 750lucklord: THATS IT
(13:29 / All) Mata.: will you guys stop two teaming me
(13:43 / All) Mata.: pink, fuck off and lay off my expo
(13:45 / All) Mata.: grey
(13:47 / All) Mata.: you fuck off too
(13:53 / All) bee.zeh[SpR]: fuck you noob
(13:55 / All) 750lucklord: STFU
(13:58 / All) Kunt.RoII: lmamo
(14:43 / All) medstudent: ok come kill my base already
(15:21 / All) Kunt.RoII: come back lil goon
(15:35 / All) Yuppidoo.: sec
(15:36 / All) Mata.: what now, pink and blue?
(15:41 / All) Mata.: you're gonna have to attack each other soon
(15:49 / All) Mata.: or you can just take turns, makes snse
(16:53 / All) Kunt.RoII: what a creeepjack
(16:59 / All) uS.hellbound: HAHA
(17:07 / All) uS.hellbound: yeah you creep jacked me
(17:48 / All) uS.hellbound: what items did you jack from me?
(17:54 / All) Kunt.RoII: oh jesus christ
(18:07 / All) uS.hellbound: i fucking killed both the lvl 10s
(18:07 / All) xxDreadLordxx: ?
(18:08 / All) Kunt.RoII: gg me
(18:46 / All) Kunt.RoII: yupidoo y u gotta be like that
(19:22 / All) Kunt.RoII: MASS TNKS WHILE I MIGHTING SOMEONE ELSE AYA
(19:34 / All) bee.zeh[SpR]: qq noob
(19:38 / All) Kunt.RoII: durrrrr
(20:02 / All) Mata.: ya gonna fuck wit me ya best bring bigga guns
(21:25 / All) 750lucklord: I AHTE WHEN MY HEROES DIE
(22:25 / All) Kunt.RoII: for fucks sake
(22:29 / All) Kunt.RoII: go to someone else now >: (
(23:00 / All) Kunt.RoII: oh wait u want to play this suicide tactic
(23:04 / All) Kunt.RoII: where u will never win b.c lvl 1 heroes
(24:47 / All) Kunt.RoII: this map needs marketplaces
(25:45 / All) xxDreadLordxx: wow
(25:50 / All) uS.hellbound: yeah
(25:52 / All) uS.hellbound: O.o
(26:16 / All) uS.hellbound: i crippled you
(27:53 / All) 750lucklord: WHO HAS A TEN?
(28:02 / All) 750lucklord: ANYONE?
(28:03 / All) xxDreadLordxx: ten?
(28:05 / All) 750lucklord: LEVEL
(28:07 / All) 750lucklord: hero
(29:11 / All) Yuppidoo.: ugh gg
(29:15 / All) Yuppidoo.: i gotta go
(29:19 / All) Kunt.RoII: :O
(29:34 / All) Kunt.RoII: xx DREADLORD xx
(34:06 / All) 750lucklord: HELP
(34:21 / All) 750lucklord: DAMN U RED
(34:29 / All) Mata.: you had this comin
(34:45 / All) 750lucklord: YA>>>
(34:52 / All) 750lucklord: I BEAT DOWN SUCH A LARGE ARMY
(34:53 / All) Kunt.RoII: thx for that tome of power pink
(35:00 / All) 750lucklord: AND LIEK % SECS LATE OJ GETS ME
(35:05 / All) Mata.: no
(35:08 / All) Mata.: you and light blue double teamed me
(35:10 / All) Kunt.RoII: whats an oj?
(35:20 / All) Kunt.RoII: the bball payer?
(35:25 / All) Mata.: orange juice
(35:32 / All) Kunt.RoII: ohhhh i c
(35:43 / All) Kunt.RoII: i dont know pink i mean u went necro wagon
(39:11 / All) Kunt.RoII: there is ALOT of gold left
(39:59 / All) Kunt.RoII: i should be so dead rigth now
(40:06 / All) Mata.: i'm dead as leaves
(40:14 / All) Kunt.RoII: i prob would have lost to yupidoos mass tanks if i didnt get like 3 lvls creepjacking the middle
(40:36 / All) Mata.: i'm scavenging dead bases for exp
(40:43 / All) Mata.: that's how low i've sunk
(40:47 / All) Kunt.RoII: hehe
(41:21 / All) Mata.: what's the news on brown?
(41:25 / All) Mata.: haven't met him this game
(41:28 / All) Kunt.RoII: idk i was just gonna ask
(41:32 / All) Mata.: actually i did meet him
(41:36 / All) Mata.: but he just sniped my potm so i left again
(41:42 / All) uS.hellbound: O.o
(41:47 / All) Kunt.RoII: u jew
(41:54 / All) Mata.: unfriendly reception if you ask me
(42:04 / All) uS.hellbound: it was 3 heros rushing at me
(42:30 / All) Kunt.RoII: slims got a billion towers ;_;
(42:41 / All) Mata.: what up rolly
(42:42 / All) Kunt.RoII: GET OUT
(43:01 / All) Mata.: 1 hp
(43:05 / All) Mata.: haha
(43:18 / All) Kunt.RoII: where r u going
(43:31 / All) Kunt.RoII: refuge at brown?
(44:01 / All) Kunt.RoII: wow
(44:08 / All) Kunt.RoII: ok i will just camp my base and expos then
(44:12 / All) Kunt.RoII: if dats how u wanna play
(44:16 / All) Mata.: just like the other two players are doing?
(44:18 / All) uS.hellbound: i dont have expos O.o
(44:26 / All) Mata.: that's because you're camping
(44:26 / All) Kunt.RoII: well yeah
(44:27 / All) Mata.: your main
(44:35 / All) Kunt.RoII: well i mean purple has foots still
(44:39 / All) uS.hellbound: i cant exp
(44:48 / All) uS.hellbound: im scouting
(44:54 / All) uS.hellbound: the only person i hve fought is green
(45:00 / All) Iceberg-Slim: or me
(49:18 / All) uS.hellbound: hey!
(49:22 / All) Mata.: hey! fuck you!
(49:37 / All) Kunt.RoII: lol
(49:38 / All) Mata.: for every expo of mine you kill i'll kill some things in your base
(49:40 / All) Iceberg-Slim: owend
(49:59 / All) Kunt.RoII: are the medium dragons worth buying
(50:01 / All) Kunt.RoII: like the ice ones are b/c ice
(50:03 / All) Iceberg-Slim: no
(50:04 / All) Mata.: the drakes, not really
(50:07 / All) Mata.: heavy armor piercing
(50:11 / All) Mata.: fucking hell kunt roii
(50:16 / All) Kunt.RoII: tasty jiuce
(50:33 / All) Kunt.RoII: its a shame ud has such shitty seige
(51:16 / All) uS.hellbound: so whos dieing now?
(51:26 / All) Kunt.RoII: u
(51:33 / All) Mata.: i hope so!
(51:50 / All) uS.hellbound: well are you coming?
(52:05 / All) Mata.: i'd help but you killed my moonwell kunt
(52:21 / All) Kunt.RoII: meh im busy
(52:24 / All) Kunt.RoII: killing 1 tower at a time
(55:23 / All) uS.hellbound: so is anything gonna happen?
(55:31 / All) Kunt.RoII: i guess if u want it to!
(55:39 / All) Mata.: i'd say i'll probably kill yu eventually
(55:48 / All) uS.hellbound: i say come kill me
(55:51 / All) uS.hellbound: im taped out
(55:59 / All) Mata.: i'l
(56:00 / All) Kunt.RoII: u
(56:04 / All) uS.hellbound: i need to make my last stand or this is a waste of time
(56:35 / All) Mata.: i can't really play this game with this much lag
(56:39 / All) Kunt.RoII: aye
(56:39 / All) uS.hellbound: red has like 3 expos
(56:49 / All) uS.hellbound: so does orange
(57:03 / All) Kunt.RoII: STOP THE TANKS
(57:07 / All) Kunt.RoII: STOP
(57:08 / All) Kunt.RoII: THE
(57:09 / All) Kunt.RoII: TANKS
(57:17 / All) Iceberg-Slim: keep rollin rollin
(57:29 / All) Mata.: neva stop
(57:47 / All) Iceberg-Slim: MY TANK
(58:38 / All) Kunt.RoII: iceberg y u gotta do this to me
(58:48 / All) Mata.: cold as ice
(59:32 / All) uS.hellbound: shitty connection
(59:35 / All) Iceberg-Slim: gotta stay doin big things cuz they try to trip a nigga up
(60:07 / All) Kunt.RoII: brown
(60:10 / All) Kunt.RoII: did u even try to get any expos
(60:11 / All) uS.hellbound: yeah?
(60:19 / All) uS.hellbound: sure did
(60:20 / All) Mata.: no he just went straight into basecamp mode
(60:31 / All) uS.hellbound: was killed
(60:46 / All) Kunt.RoII: i can do this right now
(60:54 / All) Kunt.RoII: sorry brown
(61:23 / All) Kunt.RoII: i would fight u but someone really doesnt like his tanks
(61:46 / All) uS.hellbound: O.o
(61:52 / All) uS.hellbound: well atleast i can taek red
(61:52 / All) Mata.: i have expos you don't
(62:25 / All) uS.hellbound: gold isnt everything O.o
(62:29 / All) Mata.: it is when you're losing units
(63:00 / All) Kunt.RoII: stop it jerk
(64:42 / All) Kunt.RoII: ok slim just gimme like 3 minutes in browns base here
(64:49 / All) Iceberg-Slim: ok
(64:49 / All) Mata.: brown is in my expos
(64:54 / All) Mata.: let me ,kill brown please
(65:04 / All) Mata.: i got some beef
(65:20 / All) Kunt.RoII: oh welp
(66:35 / All) Mata.: There we go
(67:04 / All) Kunt.RoII: yo iceberg where u sittin at with golde
(67:10 / All) uS.hellbound: gg ahh...
(67:11 / All) Iceberg-Slim: 15k
(67:14 / All) uS.hellbound: whoever
(67:25 / All) Kunt.RoII: :O fuck i only got 13700
(67:40 / All) Kunt.RoII: i thought i was ahead tbh
(67:41 / All) Mata.: you niggas rich
(67:59 / All) Kunt.RoII: oooo
(68:24 / All) Kunt.RoII: MATA
(68:28 / All) Mata.: wut
(68:35 / All) Kunt.RoII: dis is how u repay me
(68:44 / All) Mata.: wit hthat much gold i didn't think you'd notice
(69:05 / All) Mata.: gonna go back & hide in my forest of tears
(69:16 / All) Kunt.RoII: i never forget
(71:19 / All) Mata.: boy did i choose the wrong heroes for this game
(73:00 / All) Mata.: dango
(74:59 / All) Mata.: is there danger.
(75:05 / All) Kunt.RoII: ? ? ? ?
(75:15 / All) Mata.: warriors of the night, assemble !
(75:29 / All) Kunt.RoII: haha he just left?
(75:33 / All) Mata.: obs on def?
(77:00 / All) Kunt.RoII: this reminds me of this tower game i played last night
(77:11 / All) Kunt.RoII: went on forever on goldsire
(77:27 / All) Mata.: good story
(77:40 / All) Kunt.RoII: ty ty
(78:22 / All) Mata.: Waiting for host... every 3 seconds
(79:31 / All) Kunt.RoII: yo ice
(79:41 / All) Kunt.RoII: u really wanna do this for the next 3 hours
(79:51 / All) Mata.: i don't think he can match your heroes
(79:54 / All) Mata.: in a straight fight
(79:54 / All) Iceberg-Slim: i guess
(80:04 / All) Kunt.RoII: well yeah he cant i wouldnt think
(80:16 / All) Mata.: tbqh if you guys just sit tight for 3 hours i would probably win
(80:17 / All) Kunt.RoII: i know -.-
(80:31 / All) Kunt.RoII: but hes just constantly suiciding tanks at me
(80:39 / All) Kunt.RoII: well or burning tp scrolls
(81:25 / All) Mata.: havin shades would be nice
(82:10 / All) Mata.: oh no my forest cities
(82:29 / All) Kunt.RoII: kewl
(82:41 / All) Mata.: i can't figh tyou with like 70 food
(82:50 / All) Kunt.RoII: correct
(83:15 / All) Kunt.RoII: YAY!
(83:18 / All) Kunt.RoII: TP TRADE!@
(83:23 / All) Kunt.RoII: and a free tank too
(87:51 / All) Kunt.RoII: o u have an army
(88:02 / All) Mata.: who u talkin to
(88:08 / All) Kunt.RoII: prob both u
(88:22 / All) Mata.: PRB!
(88:27 / All) Mata.: you have the trip 10 tho
(88:31 / All) Kunt.RoII: almost
(88:56 / All) Kunt.RoII: kewl
(89:04 / All) Kunt.RoII: gg i guess
(89:28 / All) Kunt.RoII: that was fun guys! cept for the last 50 minutes whre iceberg just makes me burn 300 tps while he burns 300 tps and 5 tanks
(89:41 / All) Kunt.RoII: w/e gg
(89:43 / All) Mata.: gg
(89:49 / All) Kunt.RoII: question
(89:52 / All) Kunt.RoII: what am i supposed to do in this situation
(90:05 / All) Mata.: where ure bein owned?
(90:10 / All) Kunt.RoII: when u guys 100% ignore each other
(90:15 / All) Kunt.RoII: and iceberg suicides over and over to let u build up
(90:17 / All) Kunt.RoII: liek is there anything i can do
(90:20 / All) Kunt.RoII: honestly
(90:23 / All) Iceberg-Slim: i dont evn know where mata is
(90:27 / All) Iceberg-Slim: i just turned on my 2 neighbors
(90:37 / All) Kunt.RoII: mata just killed me with 48 food hippos
(90:40 / All) Mata.: honestly we're both going to do what benefits us the most
(90:49 / All) Kunt.RoII: how does this benifit iceberg tho
(90:55 / All) Mata.: he would be wiped out
(90:59 / All) Kunt.RoII: like how can i play this ....hes not benifited at all right now
(91:01 / All) Mata.: if it was just you v him
(91:04 / All) Kunt.RoII: hes just going to die even faster to chims
(91:11 / All) Kunt.RoII: sooo how did this benifit him
(91:13 / All) Mata.: well maybe he wasn't counting on me wiping you out
(91:21 / All) Kunt.RoII: : /
(91:38 / All) Kunt.RoII: awesome